 Dungeon Crawl Stone Soup version 0.23.2-1-ga50397a6bc (webtiles) character file.

Game seed: 329130512074596102

66 Freyura the Skirmisher (level 4, -2/29 HPs)
             Began as a Gargoyle Fighter on May 7, 2019.
             Slain by Sigmund
             ... wielding a +0 scythe
              (7 damage)
             ... on level 2 of the Dungeon.
             The game lasted 00:02:59 (1408 turns).

Freyura the Skirmisher (Gargoyle Fighter)           Turns: 1408, Time: 00:02:59

Health: -2/29      AC: 12    Str: 25    XL:     4   Next: 15%
Magic:  4/4        EV:  7    Int:  8    God:
Gold:   188        SH:  9    Dex: 10    Spells: 3/3 levels left

rFire    . . .     SeeInvis .   a - +0 flail
rCold    . . .     Gourm    .   c - +0 shield
rNeg     + + .     Faith    .   b - +0 scale mail
rPois    ∞         Spirit   .   g - +0 helmet
rElec    +         Reflect  .   i - +0 cloak (curse)
rCorr    .         Harm     .   (no gloves)
MR       .....                  (no boots)
Stlth    ..........             (no amulet)
HPRegen  0.09/turn              k - ring of positive energy
MPRegen  0.09/turn              (no ring)

@: mighty
A: negative energy resistance 1, electricity resistance, unbreathing,
petrification resistance, rot immunity, AC +3
a: no special abilities


You were on level 2 of the Dungeon.
You were not hungry.

You visited 1 branch of the dungeon, and saw 2 of its levels.

You collected 188 gold pieces.

Inventory:

Hand Weapons
 a - a +0 flail (weapon)
Armour
 b - a +0 scale mail (worn)
 c - a +0 shield (worn)
 g - a +0 helmet (worn)
 i - a cursed +0 cloak (worn)
 j - a +0 chain mail
Jewellery
 k - a ring of positive energy (left hand)
Scrolls
 e - a scroll of immolation {unknown}
 h - a scroll of teleportation {unknown}
 l - 2 scrolls of identify {unknown}
Potions
 d - a potion of might
 n - 2 potions of curing {unknown}
Comestibles
 f - 4 rations


   Skills:
 + Level 3.7 Fighting
 * Level 3.1 Maces & Flails
 + Level 3.7 Armour
 + Level 3.7 Shields


You had 3 spell levels left.
You didn't know any spells.
Your spell library was empty.

Dungeon Overview and Level Annotations

Branches:
Dungeon (2/15)

Altars:

Annotations:
D:2 Robin, Sigmund


Innate Abilities, Weirdness & Mutations

You are resistant to torment.
Your stone body is resilient. (AC +3)
You are immune to poison.
You resist negative energy. (rN+)
You are resistant to electric shocks. (rElec)
You can survive without breathing.
You are immune to petrification.
You are immune to rotting.


Message History

You closely miss the leopard gecko. You block the leopard gecko's attack.
Something hits you but does no damage. You block the leopard gecko's attack.
You closely miss the leopard gecko. You block the leopard gecko's attack.
Something hits you. You block the leopard gecko's attack.
Your shield and scale mail prevent you from hitting the leopard gecko.
The leopard gecko barely misses you. Something hits you!
Your scale mail prevents you from hitting the leopard gecko.
You block the leopard gecko's attack.
The leopard gecko hisses menacingly.
The leopard gecko barely misses you.
You miss the leopard gecko. Something hits you!
* * * LOW HITPOINT WARNING * * *
The leopard gecko barely misses you.
You sock the leopard gecko!
You kill the leopard gecko!
Something hits you but does no damage.
Robin of the Strong Arm comes into view.
She is wielding a +0 spear.
A goblin comes into view. It is wielding a +0 dagger.
Something hits you!
You die...

#......# #.....(# #..###.#
+...!..# #..#[#.# #......#
#..###.# #### #......#
#......# #... +..g...+
+......# #... #g..<..#
#......### #...
.#......###........####...
.......g{@.........'......
###############....###....
#.#### #...)
###..#####(.((
#.............
#..........##.
#..........##.
#..........##.
#####'####.##.


You could see Robin, a hobgoblin and a goblin (wandering).

Vanquished Creatures
  An adder (D:2)
  An ooze (D:1)
  2 dart slugs (D:1)
  2 leopard geckos (D:2)
  A ball python (D:2)
  3 goblins (D:2)
  7 hobgoblins
  6 jackals (D:2)
  6 kobolds
  3 bats
  4 frilled lizards
  7 rats
43 creatures vanquished.

Notes
Turn   | Place    | Note
-------+----------+-------------------------------------------
     0 | D:1      | Freyura the Gargoyle Fighter began the quest for the Orb.
     0 | D:1      | Reached XP level 1. HP: 14/14 MP: 1/1
   136 | D:1      | Reached XP level 2. HP: 19/19 MP: 2/2
   484 | D:1      | Reached XP level 3. HP: 23/23 MP: 3/3
  1204 | D:2      | Reached XP level 4. HP: 26/29 MP: 4/4
  1393 | D:2      | Noticed Sigmund
  1408 | D:2      | Noticed Robin
  1408 | D:2      | Slain by Sigmund

Skill      XL: |  1  2  3 |
---------------+----------+-----
Maces & Flails | 3 |  3.1
Fighting       | |  3.7
Armour         | |  3.7
Shields        | |  3.7

Action                   |  1- 3 |  4- 6 || total
-------------------------+-------+-------++-------
Melee: Flail             |   130 |    21 ||   151
  Use: Potion            |       |     1 ||     1
  Eat: Chunk             |     1 |     1 ||     2
Armor: Scale mail        |    76 |    16 ||    92
Dodge: Dodged            |    32 |     8 ||    40
Block: Shield            |    71 |    16 ||    87
